cohdb
Replays
Latest Replays
All Replays
Popular Replays
Top Player Replays
Match Explorer
How It Works
Community
CoH3 Stats
Reddit
Sign in to upload your games and track your stats! →
Sign in with Steam
Match 41933137
Unlisted
Match 41933137
Overview
Messages
Build Orders
End
Construct Barracks
Riflemen Squad
Riflemen Squad
Riflemen Squad
Grenade Package
M1 Mortar Team
Infantry Support Center
Selects Advanced Infantry Battlegroup
Selects Convert to Ranger Squad
Selects Frontline Medical Station
Frontline Medical Station
Advanced Logistics
Selects Ammunition Storage
Construct Weapon Support Center
Munitions Surplus
Improved M9 Bazooka Rockets
Convert to Ranger Squad
Selects M2A1 105mm Howitzer Emplacement
Convert to Ranger Squad
Engineer Squad
Convert to Ranger Squad
剩者为王
嫂子开门我是我哥
杨司令
子清
Nuclear Viking
Space5
AI
Suckobert
0
0
Comments
sign in to comment!
No comments posted yet!